 Dungeon Crawl Stone Soup version 0.20.0-10-g0535bb4 (webtiles) character file.

0 Manul the Ducker (level 1, -23/11 HPs)
             Began as a Spriggan Abyssal Knight on June 3, 2017.
             Was a Follower of Lugonu.
             Annihilated by a tentacled starspawn (34 damage)
             ... on level 1 of the Abyss.
             The game lasted 00:01:30 (330 turns).

Manul the Ducker (Spriggan Abyssal Knight)           Turns: 330, Time: 00:01:30

Health: -23/11     AC:  2    Str: 10    XL:     1   Next: 0%
Magic:  3/3        EV: 18    Int: 13    God:    Lugonu [*.....]
Gold:   21         SH:  0    Dex: 15    Spells: 0/0 levels left

rFire    . . .     SeeInvis +   a - +1 short sword
rCold    . . .     Gourm    .   (shield restricted)
rNeg     . . .     Faith    .   b - +0 robe
rPois    .         Spirit   .   (helmet restricted)
rElec    .         Reflect  .   (no cloak)
rCorr    .         Harm     .   (gloves unavailable)
MR       .....                  (boots unavailable)
Stlth    +.........             (no amulet)
Regen    0.0/turn               (no ring)
MPRegen  0.1/turn               (no ring)

@: non-regenerating, diseased, very quick
A: unfitting armour, see invisible, herbivore 3, speed 3, slow metabolism 2,
strong 1
a: Depart the Abyss, Renounce Religion


You were on level 1 of the Abyss.
You worshipped Lugonu.
Lugonu was aware of your devotion.
You were not hungry.

You visited 0 branches of the dungeon, and saw 0 of its levels.
You visited the Abyss 1 time.

You collected 21 gold pieces.

Inventory:

Hand Weapons
 a - a +1 short sword (weapon)
Armour
 b - a +0 robe (worn)
Potions
 d - a potion of degeneration {unknown}
Comestibles
 c - a bread ration
 f - 2 fruits


   Skills:
 + Level 2.4 Fighting
 + Level 2.1 Short Blades
 + Level 3.5 Dodging
 + Level 1.7 Invocations


You couldn't memorise any spells.
You didn't know any spells.

Dungeon Overview and Level Annotations

Branches:
Dungeon (0/15)

Altars:


Innate Abilities, Weirdness & Mutations

You are very small and have problems with some larger weapons.
You are too small for most types of armour.
You have supernaturally acute eyesight. (SInv)
You are a herbivore.
You cover ground extremely quickly.
You need consume almost no food.
Your muscles are strong. (Str +2)


Message History

Moving in this stuff is going to be slow.
The neqoxec gestures.
The neqoxec gestures at you.
Something tries to feed on your intellect!
The chaos spawn briefly grows a face disturbingly similar to your own.
The chaos spawn grows dozens of eye stalks in order to get a better look at you.
An iron imp comes into view.
A storm dragon zombie comes into view.
The lorocyproca gives a chilling moan.
The iron imp shouts, "Kneel, thou infectious idle-headed hedge-pig!"
An orange demon comes into view.
Found 13 gold pieces.
You now have 21 gold pieces (gained 13).
A tentacled starspawn comes into view.
A small abomination comes into view.
The small abomination misses you.
You hit the tentacled starspawn but do no damage.
The tentacled starspawn bites you!!
Ouch! That really hurt!
You die...

# # . ###.
## ..####.
#.##.##
###.#...#
##..... ..
##...#... .
##x##.#.#.##
#.@X#.# ..##
######.###.#
#.. # ....
.# .##..#..
#. # ... . .
.. # .


You could see a tentacled starspawn and a small abomination.

Vanquished Creatures (others)
  8 starspawn tentacles (Abyss:1)
8 creatures vanquished.

Notes
Turn   | Place    | Note
-------+----------+-------------------------------------------
     0 | Abyss:1  | Manul the Spriggan Abyssal Knight began the quest for the Orb.
     0 | Abyss:1  | Reached XP level 1. HP: 11/11 MP: 3/3
    41 | Abyss:1  | Noticed an orange demon
    41 | Abyss:1  | Noticed a tentacled starspawn
    47 | Abyss:1  | Found a blossoming altar of Fedhas.
   116 | Abyss:1  | Noticed a thrashing horror
   126 | Abyss:1  | Noticed an apocalypse crab
   133 | Abyss:1  | Noticed a small abomination
   135 | Abyss:1  | Noticed a tentacled starspawn
   149 | Abyss:1  | Noticed a large abomination
   149 | Abyss:1  | Noticed an ancient zyme
   150 | Abyss:1  | Noticed a chaos spawn
   151 | Abyss:1  | Noticed a small abomination
   151 | Abyss:1  | Noticed a quasit
   158 | Abyss:1  | Noticed an unseen horror
   160 | Abyss:1  | Noticed a reaper
   167 | Abyss:1  | Noticed an iron imp
   172 | Abyss:1  | Noticed a tentacled starspawn
   184 | Abyss:1  | Noticed a neqoxec
   188 | Abyss:1  | Gained mutation: Your muscles are strong. (Str +2) [a neqoxec]
   212 | Abyss:1  | Noticed a chaos spawn
   218 | Abyss:1  | Noticed a neqoxec
   240 | Abyss:1  | Noticed an iron imp
   243 | Abyss:1  | Noticed a storm dragon zombie
   245 | Abyss:1  | Noticed a lorocyproca
   250 | Abyss:1  | Noticed an orange demon
   303 | Abyss:1  | Noticed a tentacled starspawn
   314 | Abyss:1  | Noticed a small abomination
   328 | Abyss:1  | Noticed a tentacled starspawn
   330 | Abyss:1  | Annihilated by a tentacled starspawn

Action                   || total
-------------------------++-------
Melee: Short sword       ||     1
Dodge: Dodged            ||     1
